 Dungeon Crawl Stone Soup version 0.30-a0-965-g42e074c17a (webtiles) character file.

Game seed: 17623142921377042483

1915 jjjjhere the Basher (level 9, -15/67 HPs)
             Began as a Meteoran Reaver on Mar 31, 2023.
             Was an Initiate of Gozag.
             Demolished by a two-headed ogre
             ... wielding a +0 giant club
              (33 damage)
             ... on level 8 of the Dungeon.
             The game lasted 00:14:11 (3866 turns).

jjjjhere the Basher (Meteoran Reaver)               Turns: 3866, Time: 00:14:11

Health: -15/67     AC:  9    Str: 23    XL:     9   Next: 66%
Magic:  14/14      EV:  9    Int: 15    God:    Gozag
Gold:   657        SH: 11    Dex: 14    Spells: 12/13 levels left

rFire   . . .      SeeInvis .    E - +7 mace
rCold   . . .      Faith    .    m - +0 kite shield
rNeg    . . .      Spirit   .    p - +0 scale mail
rPois   .          Reflect  .    f - +1 helmet
rElec   .          Rampage  .    (no cloak)
rCorr   .                        l - +0 pair of gloves
Will    +....                    (no boots) Stlth
                                 (no amulet)
HPRegen 0.31/turn                n - ring of flight
MPRegen 0.14/turn                y - +6 ring of strength

@: flying, glowing
A: sense surroundings 2, otherworldly, glowing, explore regen
a: Renounce Religion, Potion Petition, Call Merchant, Bribe Branch


You were on level 8 of the Dungeon.
You worshipped Gozag.
Gozag was pleased with you.
You visited 1 branch of the dungeon, and saw 8 of its levels.

You collected 727 gold pieces.
You paid 70 gold pieces to Gozag.

Inventory:

Hand Weapons
 E - a +7 mace (weapon)
Missiles
 w - 7 poisoned darts
 D - 3 boomerangs (quivered)
Armour
 b - a +0 leather armour
 f - a +1 helmet (worn)
 l - a +0 pair of gloves (worn)
 m - a +0 kite shield (worn)
 p - a +0 scale mail (worn)
Jewellery
 n - a ring of flight (left hand)
 y - a +6 ring of strength (right hand)
Wands
 A - a wand of mindburst (6)
 C - a wand of paralysis (4)
 F - a wand of iceblast (3)
Scrolls
 a - a scroll of noise {unknown}
 g - a scroll of poison
 h - 2 scrolls of vulnerability
 o - 2 scrolls of summoning
 q - a scroll of amnesia
 r - a scroll of fog
 s - 3 scrolls of teleportation
 t - a scroll of fear
 u - a scroll of immolation
Potions
 c - 2 potions of berserk rage
 d - a potion of mutation
 e - 4 potions of haste
 i - 2 potions of might
 j - 2 potions of heal wounds
 k - 3 potions of magic
 v - a potion of invisibility
 x - 2 potions of flight {unknown}
 z - 6 potions of curing {unknown}
 B - 2 potions of degeneration {unknown}
 G - a potion of brilliance {unknown}
 H - 2 potions of lignification {unknown}


   Skills:
 - Level 2.2 Fighting
 + Level 11.8 Maces & Flails
 - Level 2.5 Dodging
 + Level 9.2 Shields
 - Level 2.7 Spellcasting
 - Level 3.6 Conjurations


You had 12 spell levels left.
You knew the following spells:

 Your Spells              Type           Power      Damage    Failure   Level
a - Kiss of Death         Conj/Necr      28%        2d7       52%         1

Your spell library contained the following spells:

 Spells                   Type           Power      Damage    Failure   Level
 Momentum Strike          Conj/Tloc      14%        3d8       65%         2
 Hailstorm                Conj/Ice       7%         3d4       87%         3
 Ensorcelled Hibernation  Hex/Ice        4%         N/A       88%         2
 Spider Form              Tmut/Pois      2%         N/A       98%         3
 Anguish                  Hex/Necr       1%         N/A       100%        4
 Alistair's Intoxication  Tmut/Pois      1%         N/A       100%        5
 Borgnjor's Vile Clutch   Necr/Erth      1%         N/A       100%        5
 Eringya's Noxious Bog    Tmut/Pois      1%         N/A       100%        6


Dungeon Overview and Level Annotations

Branches:
Dungeon (8/15) Zot: 895    Temple (0/1) D:5            Lair (0/5) D:8

Altars:
Ashenzari
Cheibriados
Fedhas
Gozag
Trog

Shops:
D:1 [


Innate Abilities, Weirdness & Mutations

You passively map the area around you.
You are easily found by Zot.
You glow in the dark.
You regain HP and MP as you explore.


Message History

The centaur warrior shoots an arrow.
You block the arrow.
Found an escape hatch in the floor.
The centaur warrior shoots an arrow.
The arrow hits you!
The centaur warrior shoots an arrow.
You block the arrow.
The centaur warrior shoots an arrow.
You block the arrow. You block the orc's attack.
The orc attacks as you move away! The orc hits you with a +0 club.
The centaur warrior shoots an arrow.
The arrow hits you!!
The centaur warrior shoots an arrow.
You block the arrow. You block the orc's attack.
Aiming: Paralyse
Press: ? - help, Shift-Dir - straight line, f - two-headed ogre
Aim: a two-headed ogre, wielding a +0 giant club and a +0 giant spiked club (chance to affect: 31%)
The two-headed ogre easily resists.
The orc barely misses you.
Aiming: Paralyse
Press: ? - help, Shift-Dir - straight line, f/p - two-headed ogre
Aim: a two-headed ogre, wielding a +0 giant club and a +0 giant spiked club (chance to affect: 31%)
The two-headed ogre easily resists.
You block the two-headed ogre's attack.
The two-headed ogre hits you with a +0 giant spiked club!
* * * LOW HITPOINT WARNING * * *
The orc closely misses you.
Aiming: Paralyse
Press: ? - help, Shift-Dir - straight line, f/p - two-headed ogre
Aim: a two-headed ogre, wielding a +0 giant club and a +0 giant spiked club (chance to affect: 31%)
The two-headed ogre easily resists.
Aiming: Paralyse
Press: ? - help, Shift-Dir - straight line, f/p - two-headed ogre
Aim: a two-headed ogre, wielding a +0 giant club and a +0 giant spiked club (chance to affect: 31%)
The two-headed ogre easily resists.
You block the two-headed ogre's attack. The two-headed ogre barely misses you.
Aiming: Paralyse
Press: ? - help, Shift-Dir - straight line, f/p - two-headed ogre
Aim: a two-headed ogre, wielding a +0 giant club and a +0 giant spiked club (chance to affect: 31%)
The two-headed ogre easily resists.
The centaur warrior unwields a +0 longbow.
The centaur warrior barely misses you. You block the centaur warrior's attack.
The centaur warrior hits you but does no damage.
The centaur warrior kicks you but does no damage.
The two-headed ogre hits you with a +0 giant club!!
You die...
Your body crumbles into a pile of gold.

............>.... .## ## *
.....#..#........ ..##.#*
, #.......#.......##..#...
,, ....<...#
#............. , ,
........###.........?...
,, ,
.........#..............,,
, .........##.............
, ..###..........Oco......
, ...≈...#........@.......
,
.#...#..#.........##....,
,,
##PP.##.#.......>......#
.P.PP,..#.............,.
...>.P.≈#...........##..
........#.#..........# .
,,, *
**,PP##.#.#........... ,
*... ..####.....#..... , *
, ......#... , ,


You could see a centaur warrior, a two-headed ogre and an orc.

Vanquished Creatures
  2 ice beasts
  2 black bears
  A centaur (D:7)
  4 ogres
  2 phantoms
  A kobold brigand (D:6)
  4 wights (D:7)
  2 jellies
  A howler monkey (D:3)
  3 hounds
  An orc priest (D:5)
  A sleepcap (D:6)
  Ijyb (D:5)
  Natasha (D:2)
  An iguana (D:5)
  2 orc wizards
  A mummy (D:3)
  7 adders
  4 gnolls
  A white imp (D:5)
  An ufetubus (D:4)
  2 worms
  3 dart slugs
  15 orcs
  10 bats
  6 endoplasms
  4 giant cockroaches
  6 hobgoblins
  5 jackals
  6 kobolds
  4 quokkas
  9 ball pythons
  2 frilled lizards
  9 goblins
  4 rats
128 creatures vanquished.

Vanquished Creatures (collateral kills)
  A black bear (D:6)
1 creature vanquished.

Grand Total: 129 creatures vanquished

Notes
Turn   | Place    | Note
-------+----------+-------------------------------------------
     0 | D:1      | jjjjhere the Meteoran Reaver began the quest for the Orb.
     0 | D:1      | Reached XP level 1. HP: 17/17 MP: 5/5
   153 | D:1      | Reached XP level 2. HP: 14/21 MP: 6/6
   243 | D:1      | Reached skill level 5 in Maces & Flails
   243 | D:1      | Reached XP level 3. HP: 12/25 MP: 6/8
   276 | D:1      | Found Ocyzxuj's Antique Armour Shop.
   403 | D:2      | Reached XP level 4. HP: 30/33 MP: 9/9
   540 | D:1      | Reached skill level 6 in Maces & Flails
   617 | D:2      | Reached skill level 1 in Shields
   619 | D:2      | Reached XP level 5. HP: 12/24 MP: 6/10
   794 | D:2      | Noticed Natasha
   801 | D:2      | HP: 5/24 [Natasha/magic dart (7)]
   802 | D:2      | Killed Natasha
   919 | D:3      | Found a snail-covered altar of Cheibriados.
  1103 | D:3      | Found a blossoming altar of Fedhas.
  1208 | D:3      | Reached XP level 6. HP: 30/30 MP: 11/11
  1227 | D:3      | Reached skill level 7 in Maces & Flails
  1535 | D:4      | Found an opulent altar of Gozag.
  1540 | D:4      | Became a worshipper of Gozag Ym Sagoz the Greedy
  1881 | D:5      | Entered Level 5 of the Dungeon
  2021 | D:4      | Noticed an ogre
  2032 | D:4      | HP: 10/39 [ogre/+0 giant spiked club (14)]
  2033 | D:4      | Killed an ogre
  2034 | D:4      | Reached skill level 8 in Maces & Flails
  2034 | D:4      | Reached XP level 7. HP: 12/51 MP: 12/12
  2342 | D:5      | Reached skill level 5 in Shields
  2369 | D:5      | HP: 14/55 [orc wizard/puff of flame (8)]
  2374 | D:5      | HP: 8/55 [orc wizard/magic dart (1)]
  2553 | D:5      | Reached XP level 8. HP: 61/61 MP: 13/13
  2569 | D:5      | Noticed Ijyb
  2597 | D:5      | Killed Ijyb
  2598 | D:5      | Reached skill level 9 in Maces & Flails
  2617 | D:5      | Found a broken altar of Ashenzari.
  2666 | D:5      | HP: 20/61 [black bear (5)]
  2785 | D:5      | Found a staircase to the Ecumenical Temple.
  2813 | D:5      | Reached skill level 10 in Maces & Flails
  2861 | D:5      | Glimpsed the power of Zot.
  3002 | D:6      | Gained mutation: You passively map the area around you.
                  | [Meteoran growth]
  3002 | D:6      | Reached XP level 9. HP: 41/67 MP: 14/14
  3234 | D:6      | Reached skill level 11 in Maces & Flails
  3797 | D:7      | Found a bloodstained altar of Trog.
  3847 | D:8      | Found a staircase to the Lair.
  3857 | D:8      | Noticed a two-headed ogre
  3857 | D:8      | Noticed a centaur warrior
  3863 | D:8      | HP: 17/67 [two-headed ogre/+0 giant club (12)]
  3866 | D:8      | Demolished by a two-headed ogre

Illustrated notes

Levels and vault maps discovered:
D:1:      dpeg_arrival_oval, layout_basic, serial_shops, shop_fountains,
          minmay_misc_feat_chi
D:2:      layout_loops_ring, minmay_pentomino_s4, uniq_natasha
D:3:      minmay_bubble_buster, layout_rooms, fedhas_altar_1, slow_altar_2,
          hangedman_decor_opposing
D:4:      layout_basic, kennysheep_mini_moat,
          mainiacjoe_overflow_six_doors_small, serial_co_window_serial,
          co_window_paths_a, co_window_of_opportunity_a,
          co_window_of_opportunity_a, co_window_paths_a, co_window_paths_b,
          co_window_paths_c, co_window_corner_b, co_window_unsneaky_path_d,
          co_window_paths_c, co_window_cross_4, bh_walls_and_bars
D:5:      layout_rooms, mainiacjoe_overflow_chevrons, temple_green, uniq_ijyb
D:6:      layout_basic, serial_shops, shop, kennysheep_flooded_box,
          hangedman_minor_gate_pass
D:7:      layout_loops_cross, overflow_temple_1_default,
          lemuel_mausoleum_altar_kikubaaqudgha, small_statue_intersection
D:8:      kennysheep_six_static_rooms, layout_cave_pools,
          nicolae_hepliaklqana_hazy_memory, dpeg_oklobed_lair

Skill      XL: |  1  2  3  4  5  6  7  8  9 |
---------------+----------------------------+-----
Maces & Flails | 5 6 8 10 11 | 11.8
Shields        | 1 2 4 5 7 9 |  9.2
Fighting       | |  2.2
Dodging        | |  2.5
Spellcasting   | |  2.7
Conjurations   | |  3.6

Action                     |  1- 3 |  4- 6 |  7- 9 || total
---------------------------+-------+-------+-------++-------
  Melee: Mace              |    72 |   259 |   260 ||   591
         Punch             |       |       |     1 ||     1
  Throw: Dart              |       |     2 |     1 ||     3
         Boomerang         |       |       |     1 ||     1
   Cast: Kiss of Death     |     2 |     4 |       ||     6
  Evoke: Wand              |       |       |    13 ||    13
    Use: Scroll            |       |    10 |     8 ||    18
   Stab: Distracted        |       |       |     1 ||     1
 Armour: Leather armour    |    32 |    14 |       ||    46
         Scale mail        |       |   134 |   111 ||   245
  Dodge: Dodged            |    66 |   120 |    92 ||   278
  Block: Kite shield       |       |       |   118 ||   118

Table legend: (Time is in decaauts)
 A = Elapsed time spent in this place.
 B = Non-inter-level travel time spent in this place.
 C = Inter-level travel time spent in this place.
 D = Time resting spent in this place.
 E = Time spent auto-exploring this place.
 F = Levels seen in this place.
 G = Mean time per level.
                   A        B        C        D        E       F      G
               +--------+--------+--------+--------+--------+-----+--------+
         Total |   3903 |   3617 |    286 |    450 |     36 |   8 |  487.9 |
       Dungeon |   3903 |   3617 |    286 |    450 |     36 |   8 |  487.9 |
               +--------+--------+--------+--------+--------+-----+--------+

Top non-repeatable levels by time:
     D:4: 937 daAuts
     D:6: 552 daAuts
     D:3: 551 daAuts
     D:2: 511 daAuts
     D:5: 496 daAuts
     D:1: 415 daAuts
     D:7: 408 daAuts
     D:8: 30 daAuts
